 Dungeon Crawl Stone Soup version 0.24.1-14-gf8d2b509d9 (webtiles) character file.

Game seed: 13731687940031876198, levelgen mode: deterministic

8261 mortelune the Transmogrifier (level 11, -3/93 HPs)
             Began as an Octopode Transmuter on May 21, 2020.
             Was a Believer of Cheibriados.
             Shot with an arrow by a centaur (11 damage)
             ... on level 11 of the Dungeon.
             The game lasted 00:35:51 (16775 turns).

mortelune the Transmogrifier (Octopode Transmuter) Turns: 16775, Time: 00:35:51

Health: -3/93      AC:  7    Str: 15    XL:     11   Next: 28%
Magic:  13/21      EV: 13    Int: 25    God:    Cheibriados [**....]
Gold:   444        SH:  0    Dex: 19    Spells: 6/24 levels left

rFire    x . .     SeeInvis .     - Unarmed
rCold    + + +     Gourm    .   (shield currently unavailable)
rNeg     . . .     Faith    .   (helmet currently unavailable)
rPois    +         Spirit   .   (no amulet)
rElec    .         Reflect  .   P - ring of poison resistance
rCorr    .         Harm     .   (no ring)
MR       .....                  (no ring)
Stlth    +++.......             (no ring)
HPRegen  0.25/turn              (no ring)
MPRegen  0.17/turn              (no ring)
                                (no ring)
                                (no ring)

@: about to teleport, ice-form, very slightly contaminated, invisible, very slow
A: large, almost no armour, stealthy swim, amphibious, 8 rings, (constrict 8)
a: End Transformation, Bend Time, Renounce Religion


You were on level 11 of the Dungeon.
You worshipped Cheibriados.
Cheibriados was pleased with you.
You were hungry.
You were a creature of crystalline ice.
You visited 2 branches of the dungeon, and saw 12 of its levels.

You collected 472 gold pieces.
You spent 28 gold pieces at shops.

Inventory:

Missiles
 i - 104 stones (quivered)
 y - a curare-tipped dart
 Q - 75 arrows
Jewellery
 P - a ring of poison resistance (left front paw)
Wands
 d - a wand of disintegration (15)
 l - a wand of iceblast (6)
 n - a wand of flame (3)
 o - a wand of paralysis (3)
 v - a wand of enslavement (6)
 w - a wand of acid (11)
Scrolls
 e - a scroll of fear
 f - 3 scrolls of fog
 k - 11 scrolls of remove curse
 p - 2 scrolls of magic mapping
 q - 2 scrolls of enchant weapon
 t - 4 scrolls of teleportation
 x - a scroll of random uselessness {unknown}
Potions
 a - 4 potions of brilliance
 b - 3 potions of flight
 c - 2 potions of lignification
 h - 3 potions of agility
 m - a potion of might
 r - a potion of invisibility
 s - a potion of haste {unknown}
Comestibles
 j - 13 rations


   Skills:
 + Level 8.6 Fighting
 + Level 5.4 Dodging
 * Level 7.7 Unarmed Combat
 - Level 7.0 Spellcasting
 - Level 10.0 Transmutations


You had 6 spell levels left.
You knew the following spells:

 Your Spells              Type           Power        Failure   Level  Hunger
a - Beastly Appendage     Tmut           ######       1%          1    None
b - Sticks to Snakes      Tmut           ######..     1%          2    None
c - Spider Form           Tmut/Pois      ####......   2%          3    None
d - Ice Form              Ice/Tmut       ####....     9%          4    ###....
e - Conjure Flame         Conj/Fire      #.......     21%         3    None
f - Blink                 Tloc           N/A          10%         2    None
q - Regeneration          Chrm/Necr      #.........   21%         3    None

Your spell library contained the following spells:

 Spells                   Type           Power        Failure   Level  Hunger
 Blade Hands              Tmut           ######....   3%          5    #####..
 Confusing Touch          Hex            #.....       7%          1    None
 Corona                   Hex            #......      7%          1    None
 Infusion                 Chrm           #...         7%          1    None
 Magic Dart               Conj           #...         7%          1    None
 Petrify                  Tmut/Erth      ####....     9%          4    ###....
 Call Imp                 Summ           #.......     10%         2    None
 Shroud of Golubria       Chrm/Tloc      #.....       10%         2    None
 Slow                     Hex            #.......     10%         2    None
 Song of Slaying          Chrm           #.......     10%         2    None
 Confuse                  Hex            #.......     21%         3    None
 Gell's Gravitas          Tloc           #.........   21%         3    None
 Inner Flame              Hex/Fire       #.......     21%         3    None
 Mephitic Cloud           Conj/Pois/Air  #.......     21%         3    None
 Portal Projectile        Hex/Tloc       #.....       21%         3    None
 Spectral Weapon          Hex/Chrm       #.......     21%         3    None
 Yara's Violent Unravell  Hex/Tmut       ####......   24%         5    #####..
 Cause Fear               Hex            #.........   54%         4    ###....
 Leda's Liquefaction      Hex/Erth       #.........   54%         4    ###....
 Metabolic Englaciation   Hex/Ice        #.........   88%         5    #####..


Dungeon Overview and Level Annotations

Branches:
Dungeon (11/15)            Temple (1/1) D:7            Lair (0/6) D:11
    Orc (0/2) D:9

Altars:
Ashenzari
Cheibriados
Dithmenos
Elyvilon
Fedhas
Gozag
Hepliaklqana
Kikubaaqudgha
Makhleb
Nemelex Xobeh
Okawaru
Qazlal
Ru
Sif Muna
Trog
Uskayaw
Vehumet
Wu Jian
Xom
Yredelemnul
Zin
The Shining One

Shops:
D:4 *   D:6 %%:   D:10 =

Annotations:
D:2 Natasha
D:5 1 runed translucent door, Crazy Yiuf


Innate Abilities, Weirdness & Mutations

You cannot wear most types of armour.
You are very stealthy in the water. (Stealth+)
You are amphibious.
You can wear up to eight rings at the same time.
((You can use your tentacles to constrict eight enemies at once.))
((Your skin changes colour to match your surroundings (Stealth+).))
((Your rubbery body absorbs attacks. (AC +1, EV +1)))


Message History

The shadow imp shouts, "Decamp, thou lumpish tip-merry yak-dropping!"
A killer bee comes into view.
A hound comes into view.
A centaur comes into view.
The centaur wields a +0 shortbow.
The centaur shoots an arrow.
The arrow closely misses you.
You hear an angry buzzing noise.
You hear a howl!
The kobold shouts!
Found a scroll of fear, a ration, 11 gold pieces and a creamy pearl robe.
Found a staircase to the Lair.
As you read the scroll of teleportation, it crumbles to dust.
You feel strangely unstable.
The hound barks!
The centaur shouts!
The acid dragon spits acid at you.
The splash of acid hits you but does no damage.
You are splashed with acid!
* * * LOW HITPOINT WARNING * * *
The centaur wields a +0 shortbow.
The centaur shoots an arrow.
The arrow completely misses you.
You hear a splash.
The centaur shoots an arrow.
The arrow hits you!
You die...

≈≈. .K.#
..##.≈≈≈≈.≈.≈.≈≈≈......
.h..≈≈≈≈≈≈..≈.≈ ≈....#.#
....≈≈≈≈≈≈....≈≈ ≈....D.
...S≈≈≈≈≈≈.>.cc≈≈ .#.#s#
..$.≈≈≈≈≈≈....≈≈≈. ....K
....≈≈≈≈≈.≈.D5≈≈≈≈.#.#..
?...≈≈≈≈≈≈≈≈≈≈≈≈....<#KK
......≈Y≈≈≈≈≈≈≈≈.....#..
####.≈.≈≈≈≈≈.≈.≈≈..#.K)<
#...≈≈≈%≈≈......#.###
#..≈≈≈.≈h≈.K.......
#.≈[.....≈......#.#
#.............. #.#
######.####### #.# ..


You could see an acid dragon, 2 centaurs, 2 hounds, an adder, a shadow imp and a
kobold.

Vanquished Creatures
  Harold (D:7)
  Erolcha (D:9)
  A kobold demonologist (D:11)
  A hippogriff (D:10)
  3 yaks (D:9)
  A shadow (D:11)
  A hungry ghost (D:9)
  Grum (D:9)
  2 water moccasins
  A black bear (D:7)
  3 orc warriors
  5 ogres
  An eye of draining (D:9)
  4 sky beasts
  2 centaurs (D:9)
  3 wolves
  A big kobold (D:11)
  4 bullfrogs
  A wyvern zombie (D:8)
  3 scorpions
  2 wights (D:4)
  4 howler monkeys
  4 crimson imps
  A bullfrog zombie (D:11)
  8 hounds
  A jelly (D:11)
  A centaur skeleton (D:4)
  2 orc priests
  7 orc wizards
  Ijyb (D:5)
  2 iguanas
  Natasha (twice) (D:2)
  6 worker ants
  2 hound skeletons
  4 gnolls (D:5)
  10 adders
  2 shadow imps
  An ooze (D:2)
  2 dart slugs
  4 leopard geckos
  25 orcs
  6 bats
  5 giant cockroaches
  10 goblins
  7 hobgoblins
  3 jackals (D:3)
  19 kobolds
  7 quokkas
  A ball python (D:5)
  5 frilled lizards
  15 rats
209 creatures vanquished.

Vanquished Creatures (collateral kills)
  A hydra (D:11)
  Erica (D:8)
  2 two-headed ogres
  A yak (D:9)
  A steam dragon (D:8)
  A hungry ghost (D:11)
  Duvessa (D:7)
  A centaur (D:7)
  A crocodile (D:8)
  A big kobold (D:6)
  Dowan (D:7)
  A scorpion (D:5)
  A wight (D:4)
  2 orc wizards
  A worker ant (D:6)
  An adder (D:2)
  An orc (D:8)
19 creatures vanquished.

Vanquished Creatures (others)
  An orc (D:10)
1 creature vanquished.

Grand Total: 229 creatures vanquished

Notes
Turn   | Place    | Note
-------+----------+-------------------------------------------
     0 | D:1      | mortelune the Octopode Transmuter began the quest for the
                  | Orb.
     0 | D:1      | Reached XP level 1. HP: 13/13 MP: 3/3
   210 | D:1      | Reached XP level 2. HP: 17/18 MP: 5/5
   436 | D:1      | Learned a level 2 spell: Sticks to Snakes
   772 | D:1      | Reached XP level 3. HP: 23/23 MP: 6/6
   777 | D:1      | Learned a level 3 spell: Spider Form
  1751 | D:2      | Noticed Natasha
  1761 | D:2      | Killed Natasha
  1761 | D:2      | Reached skill level 3 in Transmutations
  1761 | D:2      | Reached XP level 4. HP: 4/29 MP: 0/8
  1957 | D:2      | Noticed Natasha
  2671 | D:2      | Killed Natasha
  2671 | D:2      | Reached XP level 5. HP: 29/35 MP: 5/10
  2753 | D:2      | Noticed Natasha
  3755 | D:3      | Learned a level 4 spell: Ice Form
  4310 | D:4      | Reached skill level 4 in Transmutations
  4310 | D:4      | Reached XP level 6. HP: 37/42 MP: 11/11
  5172 | D:4      | Reached XP level 7. HP: 29/47 MP: 13/13
  5177 | D:4      | Learned a level 3 spell: Conjure Flame
  5670 | D:4      | Found Jana's General Store.
  5699 | D:4      | Bought a scroll of identify for 28 gold pieces
  5954 | D:4      | Reached skill level 5 in Transmutations
  6307 | D:5      | Entered Level 5 of the Dungeon
  6830 | D:5      | Found a runed translucent door.
  6831 | D:5      | Noticed Crazy Yiuf
  6873 | D:5      | Noticed Ijyb
  6885 | D:5      | Killed Ijyb
  6885 | D:5      | Reached skill level 5 in Spellcasting
  6997 | D:5      | Reached XP level 8. HP: 45/54 MP: 15/15
  7470 | D:5      | Reached skill level 5 in Fighting
  8080 | D:6      | Found Wynlipy's Book Boutique.
  8269 | D:6      | Reached skill level 6 in Transmutations
  8308 | D:6      | Paralysed by an orc wizard for 5 turns
  8606 | D:6      | Found Luxtibai's Food Boutique.
  8702 | D:6      | Found Sumobbiu's Food Boutique.
  8726 | D:6      | Found a shadowy altar of Dithmenos.
  9447 | D:7      | Noticed Harold
  9470 | D:7      | Killed Harold
  9470 | D:7      | Reached XP level 9. HP: 21/63 MP: 7/18
  9800 | D:7      | Reached skill level 7 in Transmutations
 10663 | D:7      | Noticed Dowan
 10664 | D:7      | Noticed Duvessa
 10929 | D:7      | Killed Duvessa
 10931 | D:7      | Killed Dowan
 10937 | D:7      | Found a staircase to the Ecumenical Temple.
 11287 | Temple   | Entered the Ecumenical Temple
 11404 | Temple   | Became a worshipper of Cheibriados the Contemplative
 11430 | D:8      | Noticed Erica
 11992 | D:8      | Reached skill level 8 in Transmutations
 12115 | D:8      | Killed Erica
 12135 | D:8      | Reached XP level 10. HP: 57/71 MP: 7/20
 12572 | D:8      | Found a shimmering altar of Xom.
 12589 | D:8      | Found an iron altar of Okawaru.
 12912 | D:9      | Noticed a two-headed ogre
 12945 | D:9      | Reached * piety under Cheibriados
 13049 | D:9      | Killed a two-headed ogre
 13469 | D:9      | Reached skill level 5 in Unarmed Combat
 13493 | D:9      | Reached skill level 9 in Transmutations
 14065 | D:9      | Found a staircase to the Orcish Mines.
 14192 | D:9      | Noticed Erolcha
 14207 | D:9      | Killed Erolcha
 14444 | D:9      | Noticed Grum
 14475 | D:9      | Killed Grum
 14922 | D:9      | Reached ** piety under Cheibriados
 15103 | D:9      | Found an ornate altar of the Wu Jian Council.
 15103 | D:9      | Found a shadowy altar of Dithmenos.
 15295 | D:10     | Entered Level 10 of the Dungeon
 15296 | D:10     | Was placed under penance by Cheibriados
 15357 | D:9      | Was forgiven by Cheibriados
 15491 | D:10     | Found Idoisell's Jewellery Shop.
 15615 | D:10     | Reached XP level 11. HP: 77/77 MP: 16/21
 15616 | D:10     | Reached skill level 10 in Transmutations
 16124 | D:11     | Learned a level 2 spell: Blink
 16128 | D:11     | Learned a level 3 spell: Regeneration
 16147 | D:11     | Noticed a five-headed hydra
 16151 | D:11     | Noticed a two-headed ogre
 16163 | D:11     | Killed a five-headed hydra
 16163 | D:11     | Reached skill level 5 in Dodging
 16181 | D:11     | HP: 3/93 [two-headed ogre/+0 giant spiked club (18)]
 16529 | D:10     | Killed a two-headed ogre
 16774 | D:11     | Found a staircase to the Lair.
 16775 | D:11     | Shot with an arrow by a centaur

Levels and vault maps discovered:
D:1:      dpeg_arrival_round_b, layout_basic, minmay_octomino_e4
D:2:      layout_basic, first_ration, uniq_natasha
D:3:      layout_basic, kennysheep_doodads, hangedman_decor_push,
          hangedman_abyss_or_decor_lesser_grid
D:4:      layout_cave_pods, serial_shops, nicolae_shop_statue_plus,
          hangedman_decor_growths
D:5:      layout_rooms, uniq_crazy_yiuf_cottage, uniq_ijyb
D:6:      layout_loops_ring, serial_shops, shop, nicolae_shop_waterfront,
          nicolae_shop_crystal, chequers_serial_rivers_large_b,
          grunt_dithmenos_smoke_and_mirrors
D:7:      layout_rooms, minmay_temple_entry_waves, uniq_harold, uniq_duvessa
D:8:      layout_cave_pools, basic_altar, okawaru_ov_weapons_minmay, uniq_erica
D:9:      nicolae_whirlpool, layout_loops_cross,
          amethyst_overflow_temple_binary, minmay_misc_feat_roman, uniq_erolcha,
          uniq_grum
D:10:     layout_basic, serial_shops, shop
D:11:     cheibrodos_barr_body, layout_basic, erik_lair_island, david_nohive_1,
          minivault_7
Temple:   regret_index_temple_chain_breaker

Skill      XL: |  1  2  3  4  5  6  7  8  9 10 11 |
---------------+----------------------------------+-----
Spellcasting   | 3 4 5 6 7 |  7.0
Transmutations | 3 4 5 6 8 9 10 | 10.0
Fighting       | 2 3 4 6 7 8 |  8.6
Unarmed Combat | 4 6 7 |  7.7
Dodging        | 4 5 |  5.4

Action                   |  1- 3 |  4- 6 |  7- 9 | 10-12 || total
-------------------------+-------+-------+-------+-------++-------
Melee: Unarmed           |   105 |   171 |   310 |   175 ||   761
       Constrict         |    24 |    23 |    24 |     4 ||    75
       Tentacles         |    13 |    14 |    20 |     3 ||    50
       Punch             |     3 |     3 |     2 |     2 ||    10
       Kick              |     1 |    11 |    21 |       ||    33
Throw: Stone             |       |       |       |     2 ||     2
       Dart              |       |       |       |     1 ||     1
 Cast: Sticks to Snakes  |     4 |     5 |    43 |    23 ||    75
       Beastly Appendage |     2 |     7 |    12 |       ||    21
       Spider Form       |       |     9 |    25 |       ||    34
       Ice Form          |       |       |     4 |    25 ||    29
       Conjure Flame     |       |       |       |     2 ||     2
 Abil: End Transformatio |       |       |       |     1 ||     1
Evoke: Wand              |       |       |       |    10 ||    10
  Use: Potion            |       |     2 |     2 |     3 ||     7
       Scroll            |       |     5 |     8 |     5 ||    18
 Stab: Sleeping          |     4 |     2 |     1 |     2 ||     9
       Distracted        |       |       |     6 |     2 ||     8
  Eat: Ration            |     1 |     1 |     2 |     1 ||     5
       Chunk             |       |     9 |    15 |    10 ||    34
Armor: Skin              |    10 |     8 |    20 |    47 ||    85
Dodge: Dodged            |    75 |   138 |   241 |   130 ||   584
